 Dungeon Crawl Stone Soup version 0.29-a0-520-gc852659d43 (webtiles) character file.

Game seed: 6947897027999904909

8955 avis the Fighter (level 11, -3/195 HPs)
             Began as an Ogre Transmuter on June 1, 2022.
             Was an Elder of Okawaru.
             Killed from afar by an acid dragon (6 damage)
             ... with a splash of acid
             ... on level 10 of the Dungeon.
             The game lasted 01:09:24 (15488 turns).

avis the Fighter (Ogre Transmuter)                 Turns: 15488, Time: 01:09:25

Health: -3/195     AC: 13    Str: 16    XL:     11   Next: 38%
Magic:  15/17      EV:  1    Int: 16    God:    Okawaru [****..]
Gold:   512        SH:  0    Dex: 11    Spells: 8/18 levels left

rFire   . . .      SeeInvis +     - Unarmed
rCold   + . .      Faith    .   (no shield)
rNeg    . . .      Spirit   .   (body armour currently unavailable)
rPois   +          Reflect  .   (helmet currently unavailable)
rElec   .          Harm     .   (cloak currently unavailable)
rCorr   .          Rampage  .   (gloves unavailable)
Will    +....      NoTele   +   (boots unavailable)
Stlth   +++.......              (no amulet)
HPRegen 0.42/turn               i - ring of see invisible
MPRegen 0.15/turn               A - ring of protection from cold

@: tree-form, heroic, corroded
A: stationary, stasis, torment immunity, boosted hp, large, unfitting armour,
(tough skin 1)
a: Renounce Religion, Heroism, Finesse


You were on level 10 of the Dungeon.
You worshipped Okawaru.
Okawaru was greatly pleased with you.
You were a tree.
You visited 2 branches of the dungeon, and saw 11 of its levels.
You also visited: Ossuary.

You collected 615 gold pieces.
You spent 103 gold pieces at shops.

Inventory:

Hand Weapons
 j - a +0 giant spiked club
 q - a +0 trident of venom
 E - a +4 falchion
 F - a +3 short sword
 M - a +1 dire flail
 O - a +3 quarterstaff of chaos
 Q - a +1 short sword of draining
 S - a +1 vorpal hand axe
 T - a +0 broad axe
 U - a +5 flail of freezing
 W - a +3 mace
 Y - a +3 scimitar of flaming
 Z - a +1 vorpal hand axe
Missiles
 u - 17 poisoned darts
 B - a throwing net
 D - 8 javelins
 R - 7 boomerangs
Armour
 a - a +0 robe
 d - a +2 robe
 f - a +0 cloak
 y - a +0 kite shield
 J - +1 steam dragon scales (melded)
 P - a +1 cloak (melded)
Magical Staves
 s - a staff of earth
Jewellery
 i - a ring of see invisible (left branch)
 A - a ring of protection from cold (right branch)
 I - a +4 ring of slaying
Wands
 e - a wand of charming (10)
 m - a wand of iceblast (6)
 n - a wand of flame (26)
 v - a wand of digging (5)
 C - a wand of polymorph (13)
 H - a wand of acid (8)
 K - a wand of mindburst (13)
 L - a wand of paralysis (14)
Scrolls
 c - a scroll of silence {unknown}
 g - 2 scrolls of teleportation
 h - a scroll of torment {unknown}
 k - 2 scrolls of noise {unknown}
 l - 4 scrolls of vulnerability {unknown}
 r - a scroll of amnesia {unknown}
 z - a scroll of fog
 V - a scroll of enchant weapon
Potions
 b - 4 potions of lignification
 o - a potion of mutation
 p - a potion of brilliance
 t - 2 potions of invisibility
 w - 2 potions of flight
 x - a potion of berserk rage
 G - 2 potions of might
 N - a potion of resistance {unknown}
 X - a potion of haste


   Skills:
 - Level 14.0(19.0) Fighting
 - Level 2.0(7.0) Armour
 * Level 4.3(9.3) Dodging
 - Level 1.0(6.0) Stealth
 - Level 9.0(14.0) Unarmed Combat
 - Level 4.0 Spellcasting
 - Level 4.0 Transmutations
 - Level 4.0 Ice Magic
 - Level 2.0 Poison Magic
 - Level 5.0 Invocations


You had 8 spell levels left.
You knew the following spells:

 Your Spells              Type           Power      Damage    Failure   Level
a - Beastly Appendage     Tmut           32%        N/A       3%          1
e - Wereblood             Tmut           16%        N/A       4%          2
p - Spider Form           Tmut/Pois      12%        N/A       14%         3
q - Ice Form              Ice/Tmut       16%        N/A       32%         4

Your spell library contained the following spells:

 Spells                   Type           Power      Damage    Failure   Level
 Ensorcelled Hibernation  Hex/Ice        18%        N/A       11%         2
 Passwall                 Tmut/Erth      7%         N/A       11%         2
 Apportation              Tloc           6%         N/A       17%         1
 Swiftness                Air            3%         N/A       45%         3
 Alistair's Intoxication  Tmut/Pois      8%         N/A       80%         5
 Summon Small Mammal      Summ           Unusable   N/A       N/A         1
 Call Canine Familiar     Summ           Unusable   N/A       N/A         3
 Summon Guardian Golem    Hex/Summ       Unusable   N/A       N/A         3

Dungeon Overview and Level Annotations

Branches:
Dungeon (10/15)            Temple (1/1) D:5         Ossuary (visited)
   Lair: D:8-11         Orc: D:9-12

Altars:
Cheibriados
Dithmenos
Elyvilon
Fedhas
Gozag
Hepliaklqana
Kikubaaqudgha
Makhleb
Nemelex Xobeh
Okawaru
Qazlal
Ru
Sif Muna
Trog
Uskayaw
Vehumet
Wu Jian
Xom
Yredelemnul
Zin
The Shining One
Beogh

Shops:
D:1 (   D:5 [


Innate Abilities, Weirdness & Mutations

You are a tree.
Your roots penetrate the ground, keeping you stationary.
You cannot be teleported.
You are immune to unholy pain and torment.
Your maximum health is greatly increased.
Your equipment is partially melded.
You are too large for most types of armour.
((You have tough skin. (AC +1)))


Message History

You headbutt the acid dragon, but do no damage.
The acid dragon is severely wounded.
The howler monkey closely misses you. The acid dragon bites you!
The acid dragon claws you.
* * * LOW HITPOINT WARNING * * *
You hit the acid dragon but do no damage.
You claw the acid dragon, but do no damage.
The acid dragon is severely wounded.
The howler monkey hits you but does no damage.
The acid dragon bites you!
* * * LOW HITPOINT WARNING * * *
The acid dragon claws you.
* * * LOW HITPOINT WARNING * * *
Really quaff the potion of lignification?
Your horns disappear.
Your talons disappear.
You turn into a tree.
Your +1 cloak melds into your body.
Your +1 steam dragon scales melds into your body.
Your roots penetrate the ground.
The howler monkey hits you but does no damage.
The acid dragon spits acid at you. The splash of acid hits you!!
* * * LOW HITPOINT WARNING * * *
The acid corrodes you!
Okay, then.
You completely miss the acid dragon.
The acid dragon is heavily wounded.
The howler monkey hits you but does no damage.
Okay, then.
You gain the combat prowess of a mighty hero.
You can no longer enter into single combat with a foe.
Okawaru will no longer gift you equipment.
The howler monkey hits you but does no damage.
The acid dragon bites you but does no damage.
The acid dragon claws you but does no damage.
You hit the acid dragon but do no damage.
The acid dragon is heavily wounded.
The howler monkey hits you but does no damage.
The acid dragon spits acid at you. The splash of acid hits you.
You die...

.... #..# .......# #..#
.......######..#######
..........÷..........
.....#########......
######...#########......
........................
........................
......D♣................
......h..#########......
.........# #......
.........# #......
.........# #####......
.......... ...........
.......... ...........
([####..... ...........
.....######


You could see an acid dragon (catching breath) and a howler monkey.

Vanquished Creatures
  Harold (D:9)
  Erica (D:9)
  An unseen horror (D:10)
  Sigmund (D:3)
  A wyvern (D:10)
  2 shadows
  12 yaks
  A wraith (D:9)
  3 steam dragons
  5 orc warriors
  3 sky beasts
  2 black bears (D:6)
  4 ice beasts
  3 ogres
  2 centaurs
  2 phantoms (D:5)
  A kobold brigand (D:8)
  2 elf zombies (Ossuary)
  2 necrophages
  6 scorpions
  2 bullfrogs
  10 wights
  8 killer bees
  2 howler monkeys
  A centaur zombie (Ossuary)
  3 hounds
  Crazy Yiuf (D:7)
  A human zombie (Ossuary)
  A jelly (D:7)
  5 orc priests
  4 orc wizards
  2 iguanas
  Natasha (thrice) (D:2)
  2 hound zombies (Ossuary)
  3 mummies (Ossuary)
  11 adders
  7 gnolls
  A white imp (D:5)
  2 adder zombies (Ossuary)
  A worm (D:2)
  39 orcs
  12 ball pythons
  5 endoplasms
  A giant cockroach (D:2)
  3 gnoll zombies (Ossuary)
  8 goblins
  5 hobgoblins
  4 jackals
  3 quokkas
  11 bats
  5 frilled lizards
  4 goblin zombies (Ossuary)
  4 hobgoblin zombies (Ossuary)
  4 jackal zombies (Ossuary)
  10 kobolds
  4 kobold zombies (Ossuary)
  2 orc zombies (Ossuary)
  2 quokka zombies (Ossuary)
  2 rats (D:1)
  3 rat zombies (Ossuary)
256 creatures vanquished.

Vanquished Creatures (others)
  A hound (D:5)
  An iguana (D:5)
  An adder (D:5)
  An ufetubus (D:5)
  An orc (D:5)
  2 fungi (D:4)
  11 plants
18 creatures vanquished.

Grand Total: 274 creatures vanquished

Notes
Turn   | Place    | Note
-------+----------+-------------------------------------------
     0 | D:1      | avis the Ogre Transmuter began the quest for the Orb.
     0 | D:1      | Reached XP level 1. HP: 19/19 MP: 3/3
    93 | D:1      | Reached skill level 2 in Fighting
   194 | D:1      | Reached XP level 2. HP: 29/29 MP: 3/5
   227 | D:1      | Reached skill level 3 in Fighting
   771 | D:1      | Found Xais's Weapon Boutique.
   831 | D:1      | Reached XP level 3. HP: 39/39 MP: 3/6
  1034 | D:2      | Reached skill level 4 in Fighting
  1272 | D:2      | Noticed Natasha
  1278 | D:2      | Learned a level 3 spell: Spider Form
  1325 | D:2      | Killed Natasha
  1326 | D:2      | Reached XP level 4. HP: 36/49 MP: 3/7
  1413 | D:2      | Reached skill level 5 in Fighting
  1432 | D:2      | Found a faded altar of an unknown god.
  2040 | D:3      | Noticed Sigmund
  2068 | D:3      | Killed Sigmund
  2069 | D:3      | Reached skill level 6 in Fighting
  2069 | D:3      | Reached XP level 5. HP: 61/61 MP: 6/9
  2069 | D:3      | Reached XP level 6. HP: 68/68 MP: 6/10
  2345 | D:3      | Reached skill level 7 in Fighting
  3139 | D:3      | Reached XP level 7. HP: 43/78 MP: 8/11
  3531 | D:2      | Noticed Natasha
  3539 | D:2      | Killed Natasha
  3599 | D:2      | Noticed Natasha
  3608 | D:2      | Killed Natasha
  4104 | D:4      | Reached skill level 8 in Fighting
  4519 | D:4      | Reached skill level 1 in Stealth
  4723 | D:4      | Reached skill level 9 in Fighting
  4745 | D:4      | Found the +7 Singing Sword {vorpal, sonic wave}
  5091 | D:4      | Reached XP level 8. HP: 93/93 MP: 10/12
  5546 | D:5      | Entered Level 5 of the Dungeon
  5742 | D:5      | Reached skill level 10 in Fighting
  6277 | D:5      | Reached skill level 5 in Unarmed Combat
  6421 | D:5      | Learned a level 4 spell: Ice Form
  6424 | D:5      | Learned a level 2 spell: Wereblood
  6466 | D:5      | Found a shimmering altar of Xom.
  6633 | D:5      | Found a glowing golden altar of the Shining One.
  6643 | D:5      | Found a blossoming altar of Fedhas.
  6646 | D:5      | Found a bloodstained altar of Trog.
  6687 | D:5      | Found a burning altar of Makhleb.
  6690 | D:5      | Found an ornate altar of the Wu Jian Council.
  6900 | D:5      | Found a snail-covered altar of Cheibriados.
  6912 | D:5      | Reached skill level 1 in Ice Magic
  6937 | D:5      | Found a staircase to the Ecumenical Temple.
  6950 | Temple   | Entered the Ecumenical Temple
  7194 | Temple   | Became a worshipper of Warmaster Okawaru
  7452 | D:5      | Found Mellahit's Antique Armour Shop.
  7459 | D:5      | Bought a glowing robe for 103 gold pieces
  8102 | D:6      | Noticed a +0 dagger
  8102 | D:6      | Noticed a +0 hand axe
  8152 | D:6      | Reached XP level 9. HP: 77/101 MP: 11/14
  8477 | D:6      | Reached * piety under Okawaru
  9041 | D:6      | Found a hide-covered altar of Uskayaw.
  9542 | D:6      | Reached skill level 11 in Fighting
  9810 | D:6      | Reached ** piety under Okawaru
  9969 | D:7      | Reached skill level 12 in Fighting
 10148 | D:7      | Reached XP level 10. HP: 55/115 MP: 11/16
 10524 | D:7      | Reached skill level 1 in Invocations
 10936 | D:7      | Found a runed translucent door.
 10937 | D:7      | Noticed Crazy Yiuf
 10947 | D:7      | Killed Crazy Yiuf
 11389 | D:8      | Found a sand-covered staircase.
 11394 | Ossuary  | Entered an ossuary
 11913 | D:8      | Reached *** piety under Okawaru
 11960 | D:8      | Found a stormy altar of Qazlal.
 11982 | D:8      | Reached skill level 13 in Fighting
 12738 | D:8      | Found a sacrificial altar of Ru.
 13457 | D:9      | Noticed Harold
 13475 | D:9      | Killed Harold
 13476 | D:9      | Reached skill level 5 in Invocations
 13956 | D:9      | Reached **** piety under Okawaru
 13966 | D:9      | Reached skill level 14 in Fighting
 13966 | D:9      | Reached XP level 11. HP: 103/130 MP: 17/17
 14813 | D:9      | Noticed Erica
 14824 | D:9      | Killed Erica
 14825 | D:9      | Reached skill level 1 in Armour
 14875 | D:10     | Entered Level 10 of the Dungeon
 15223 | D:10     | Reached ***** piety under Okawaru
 15485 | D:10     | HP: 2/195 [acid dragon/splash of acid (30)]
 15488 | D:10     | Killed from afar by an acid dragon

Illustrated notes

Levels and vault maps discovered:
D:1:      zelgadis_glass_arrival_small, layout_basic, serial_shops, shop
D:2:      layout_rooms, dilly_ecumenical_altar_fadedgnrine, serial_bayou_lake_a,
          uniq_natasha
D:3:      layout_loops_ring, minivault_25, palyth_stone_intersect, uniq_sigmund
D:4:      old_forge, layout_basic
D:5:      layout_loops_corners, xom_confusion_cloud,
          minmay_overflow_temple_star_hex, cheibriados_altar_1,
          minmay_temple_entry_junction_2, serial_shops, shop
D:6:      cheibrodos_steamvent, layout_basic, dancing_weapons_uskayaw
D:7:      layout_rooms, hangedman_decor_growths, uniq_crazy_yiuf_cottage
D:8:      layout_layer_cave, mainiacjoe_overflow_concentric_impassable,
          kennysheep_little_box, special_room [special_room_orc],
          nicolae_ossuary_entry_false_entrances
D:9:      layout_basic, uniq_harold, uniq_erica
D:10:     layout_long_grid, mainiacjoe_overflow_alcove_1, lair_entry_dummy,
          enter_trove_5, nicolae_shop_overcharged_wands
Temple:   minmay_temple_curvy_loop

Skill      XL: |  1  2  3  4  5  6  7  8  9 10 11 |
---------------+----------------------------------+-----
Fighting       | 2 3 4 6 7 9 10 12 14 | 14.0
Unarmed Combat | 3 4 5 6 8 9 |  9.0
Transmutations | 2 4 |  4.0
Spellcasting   | 3 4 |  4.0
Poison Magic   | 2 |  2.0
Stealth        | 1 |  1.0
Dodging        | 2 3 4 |  4.3
Ice Magic      | 3 4 |  4.0
Invocations    | 5 |  5.0
Armour         | 2 |  2.0

Action                   |  1- 3 |  4- 6 |  7- 9 | 10-12 || total
-------------------------+-------+-------+-------+-------++-------
Melee: Unarmed           |    70 |   106 |   335 |   357 ||   868
       Kick              |    19 |    18 |    44 |    84 ||   165
       Headbutt          |     6 |     9 |    27 |    42 ||    84
       Punch             |       |       |     5 |    16 ||    21
 Cast: Beastly Appendage |    24 |    24 |    15 |    34 ||    97
       Spider Form       |     1 |     3 |    40 |    11 ||    55
       Ice Form          |       |       |     4 |     4 ||     8
Invok: Heroism           |       |       |       |     2 ||     2
 Abil: End Transformatio |       |       |     2 |     1 ||     3
Evoke: Wand              |       |       |       |     4 ||     4
  Use: Potion            |       |     1 |     6 |     3 ||    10
       Scroll            |       |       |     4 |    14 ||    18
 Stab: Sleeping          |       |     1 |     4 |       ||     5
       Held in net/web   |       |       |     1 |       ||     1
Armor: Robe              |    18 |    21 |    21 |       ||    60
       Skin              |       |    11 |    29 |    22 ||    62
       Steam dragon scal |       |       |     9 |    72 ||    81
Dodge: Dodged            |    22 |    74 |   191 |   195 ||   482

Table legend: (Time is in decaauts)
 A = Elapsed time spent in this place.
 B = Non-inter-level travel time spent in this place.
 C = Inter-level travel time spent in this place.
 D = Time resting spent in this place.
 E = Time spent auto-exploring this place.
 F = Levels seen in this place.
 G = Mean time per level.
                   A        B        C        D        E       F      G
               +--------+--------+--------+--------+--------+-----+--------+
         Total |  15456 |  13761 |   1695 |   4742 |   6024 |  12 | 1288.0 |
       Dungeon |  14878 |  13250 |   1628 |   4742 |   5821 |  10 | 1487.8 |
        Temple |    292 |    225 |     67 |      0 |    203 |   1 |  292.0 |
       Ossuary |    284 |    284 |      0 |      0 |      0 |   1 |  284.0 |
               +--------+--------+--------+--------+--------+-----+--------+

Top non-repeatable levels by time:
     D:4: 2118 daAuts
     D:8: 1914 daAuts
     D:3: 1885 daAuts
     D:7: 1770 daAuts
     D:5: 1619 daAuts
     D:6: 1591 daAuts
     D:2: 1321 daAuts
     D:9: 1112 daAuts
     D:1: 993 daAuts
    D:10: 552 daAuts
  Temple: 292 daAuts
 Ossuary: 284 daAuts
